 Dungeon Crawl Stone Soup version 0.19-a0-1037-g36c65c9 (webtiles) character file.

214 towersofbeng the Skirmisher (level 5, -2/48 HPs)
             Began as a Minotaur Monk on July 30, 2016.
             Slain by an ice beast (14 damage)
             ... on level 6 of the Dungeon.
             The game lasted 00:04:20 (1027 turns).

towersofbeng the Skirmisher (Minotaur Monk)         Turns: 1027, Time: 00:04:20

Health: -2/48      AC:  6    Str: 16    XL:     5   Next: 59%
Magic:  4/4        EV: 12    Int:  2    God:
Gold:   47         SH:  0    Dex: 13    Spells: 0 memorised, 4 levels left

rFire  . . .     SeeInvis .     a - +0 falchion
rCold  . . .     Gourm    .     g - +0 scale mail
rNeg   . . .     Faith    .     (no shield)
rPois  .         Spirit   .     (helmet restricted)
rElec  .         Dismiss  .     (no cloak)
rCorr  .         Reflect  .     (no gloves)
SustAt .         Harm     .     (no boots)
MR     +....                    (no amulet)
Stlth  ..........               j - -5 ring of intelligence (curse)
                                h - ring of protection from magic (curse)

@: somewhat resistant to hostile enchantments, extremely unstealthy
A: retaliatory headbutt, horns 2, sturdy frame 1
a: no special abilities


You were on level 6 of the Dungeon.
You were not hungry.

You visited 1 branch of the dungeon, and saw 6 of its levels.

You collected 47 gold pieces.

Inventory:

Hand Weapons
 a - a +0 falchion (weapon)
Armour
 b - a +0 robe
 g - a +0 scale mail (worn)
Jewellery
 h - a cursed ring of protection from magic (left hand)
 i - an uncursed ring of see invisible
 j - a cursed -5 ring of intelligence (right hand)
 o - an uncursed ring of wizardry
Scrolls
 d - 2 scrolls of identify
Potions
 l - a potion of ambrosia
Comestibles
 c - 4 bread rations
 f - 2 meat rations


   Skills:
 + Level 5.1 Fighting
 + Level 4.8 Long Blades
 * Level 2.6 Armour
 + Level 4.5 Dodging
 + Level 1.7 Stealth


You had 4 spell levels left.
You didn't know any spells.

Dungeon Overview and Level Annotations

Branches:
Dungeon (6/15)
 Temple: D:4-7

Altars:
Ashenzari
Qazlal

Annotations:
D:4 Sigmund


Innate Abilities, Weirdness & Mutations

You reflexively headbutt those who attack you in melee.
You have a pair of horns on your head.
Your movements are slightly less encumbered by armour. (ER -2)


Message History

The ice beast hits you. The ice beast freezes you!
You barely miss the orc priest.
The orc priest is moderately wounded.
The orc priest misses you. The ice beast closely misses you.
You riposte.
You closely miss the ice beast.
Unknown command.
You hit the orc priest.
The orc priest is moderately wounded.
The orc priest hits you with a short sword.
The ice beast closely misses you.
Unknown command.
You hit the orc priest but do no damage.
The orc priest is moderately wounded.
The orc wizard hits you but does no damage.
The orc priest hits you with a short sword!
The orc warrior hits you but does no damage.
The ice beast hits you.
* * * LOW HITPOINT WARNING * * *
The ice beast freezes you!
You die...

#.#
######......
#.# #####..
#.# .. #.#
.. #.# ..
#.# .. #.#
o. #Y# #@#
#...oo....#
####o#.##>..
#o..# #.. #
#..# ...#
...#


You could see an orc warrior, an ice beast, an orc priest, an orc wizard and an
orc.

Vanquished Creatures
  2 giant frogs (D:6)
  An iguana (D:6)
  Natasha (D:3)
  A howler monkey skeleton (D:4)
  2 dart slugs
  2 orcs
  2 giant cockroaches
  3 hobgoblins
  3 bats (D:1)
  A giant newt (D:3)
  A goblin (D:1)
  5 kobolds
  A rat (D:1)
25 creatures vanquished.

Notes
Turn   | Place    | Note
-------+----------+-------------------------------------------
     0 | D:1      | towersofbeng the Minotaur Monk began the quest for the Orb.
     0 | D:1      | Reached XP level 1. HP: 19/19 MP: 0/0
     8 | D:1      | Noticed a polar bear
     8 | D:1      | Noticed a black mamba
     9 | D:1      | Noticed a komodo dragon
     9 | D:1      | Noticed a worker ant
    87 | D:1      | Reached skill level 4 in Fighting
   114 | D:1      | Reached XP level 2. HP: 17/27 MP: 1/1
   397 | D:2      | Reached skill level 1 in Armour
   506 | D:4      | Noticed Sigmund
   549 | D:3      | Noticed Natasha
   555 | D:3      | Killed Natasha
   555 | D:3      | Reached XP level 3. HP: 26/34 MP: 2/2
   606 | D:3      | You fall through a shaft!
   650 | D:5      | Entered Level 5 of the Dungeon
   697 | D:5      | Found a stormy altar of Qazlal.
   707 | D:5      | Found a shattered altar of Ashenzari.
   831 | D:6      | Noticed a giant frog
   835 | D:6      | Gained mutation: Your movements are slightly less encumbered by armour. (ER -2) [potion of beneficial mutation]
   838 | D:6      | Killed a giant frog
   838 | D:6      | Reached XP level 4. HP: 23/41 MP: 3/3
   978 | D:6      | Noticed a giant frog
   981 | D:6      | Noticed an ice beast
   987 | D:6      | Reached XP level 5. HP: 35/47 MP: 4/4
  1004 | D:6      | Reached skill level 5 in Fighting
  1022 | D:6      | Noticed an orc warrior
  1027 | D:6      | Slain by an ice beast

Vault maps used:
D:1:      onia_arrival_zoo_common, nrook_mini_backslash
D:2:      lemuel_crystal_altar, first_bread, serial_co_window_serial,
          co_window_corner_a, co_window_corner_a, co_window_corner_a,
          co_window_paths_a, co_window_paths_a, co_window_of_opportunity_b,
          co_window_broadway_a, co_window_of_opportunity_c,
          co_window_broadway_b, co_window_paths_e, co_window_paths_d,
          glass_columns_c, glass_columns_b, glass_columns_a, glass_columns_a,
          glass_columns_c, uniq_iyjb
D:3:      fedhas_altar_3, uniq_natasha
D:4:      lightli_temple_of_fire, cheibriados_altar_1, uniq_sigmund
D:5:      kennysheep_mini, basic_altar
D:6:      lemuel_round_altar, nicolae_ru_sacrificial_ziggurat, serial_shops,
          nicolae_shop_trees

Skill      XL: |  1  2  3  4  5 |
---------------+----------------+-----
Fighting       | 4 5 |  5.1
Armour         | 1 2 |  2.6
Long Blades    | 4 |  4.8
Dodging        | 4 |  4.5
Stealth        | |  1.7

Action                   |  1- 3 |  4- 6 || total
-------------------------+-------+-------++-------
Melee: Falchion          |    53 |    13 ||    66
       Headbutt          |     9 |       ||     9
  Use: Scroll            |     3 |       ||     3
       Potion            |     1 |       ||     1
 Stab: Sleeping          |     1 |       ||     1
Armor: Robe              |     5 |       ||     5
       Scale mail        |       |     5 ||     5
Dodge: Dodged            |    34 |     7 ||    41
